Map: Eternal Empire LE

Players

GunGFuBanDa

  • Race: Protoss Protoss
  • League: Master
  • Spawn Location: 1:00

ShoWTimE - Winner!

  • Race: Protoss Protoss
  • Spawn Location: 7:00

Event: DreamHack SC2 Masters 2020 Summer Europe

VOD

Have the link to the VOD?

Description

Time

  • Played on: July 1, 2020, 10:46 a.m.
  • Length: 8:16

All games in this series

Show
View Real Time Build Order
Export as new Build Order

GunGFuBanDa Protoss 

Build Orders: Blink Stalkers 

Get SALT Encoding   

  12  0:00  Probe  
  13  0:12  Probe  
  14  0:17  Pylon  
  14  0:23  Probe  
  15  0:31  Probe  
  15  0:36  Gateway  
  15  0:39  Probe  
  16  0:46  Assimilator  
  17  0:50  Probe  
  17  0:54  Assimilator  
  18  0:59  Probe  
  19  1:07  Gateway, Probe  
  20  1:17  Probe  
  20  1:24  Cybernetics Core  
  21  1:29  Probe  
  22  1:36  Pylon  
  22  1:41  Probe  
  23  1:54  Probe  
  23  2:00  Sentry, Stalker, Warp Gate  
  28  2:13  Pylon  
  28  2:19  Probe  
  29  2:35  Sentry  
  33  2:37  Stalker  
  33  2:46  Nexus  
  32  2:52  Shield Battery  
  32  2:55  Probe  
  33  3:07  Probe  
  34  3:17  Twilight Council  
  34  3:18  Probe  
  35  3:26  Probe  
  35  3:33  Forge  
  36  3:34  Probe  
  37  3:43  Probe  
  38  3:52  Probe  
  38  3:53  Blink  
  38  3:56  Probe  
  38  3:59  Sentry, Stalker  
  38  4:00  Probe  
  44  4:04  Probe  
  44  4:07  Protoss Ground Weapons Level 1  
  46  4:12  Probe  
  46  4:14  Probe  
  48  4:23  Shield Battery  
  47  4:24  Probe  
  47  4:28  Probe  
  47  4:36  Probe x2  
  48  4:44  Probe  
  49  4:45  Pylon  
  49  4:47  Stalker  
  49  4:48  Probe  
  53  4:53  Probe  
  53  5:00  Probe  
  53  5:01  Probe  
  53  5:06  Gateway  
  55  5:09  Gateway, Probe  
  55  5:11  Robotics Facility  
  55  5:13  Assimilator, Probe  
  57  5:19  Pylon  
  57  5:21  Probe  
  58  5:25  Probe  
  59  5:33  Probe  
  59  5:34  Gateway x2  
  61  5:43  Assimilator  
  61  5:45  Gateway  
  61  5:48  Gateway, Warp Prism  
  60  5:54  Sentry x2  
  66  6:08  Pylon  
  66  6:09  Pylon  
  66  6:15  Stalker x2  
  66  6:17  Pylon  
  70  6:28  Pylon  
  70  6:43  Stalker x2  
  70  6:44  Stalker x3  
  78  6:47  Stalker x2  
  78  6:49  Observer  
  79  7:08  Stalker x5  
  87  7:12  Stalker  
  87  7:14  Stalker  
  91  7:24  Pylon x2  
  91  7:43  Stalker x5  
Show
View Real Time Build Order
Export as new Build Order

ShoWTimE Protoss - Winner!

Build Orders: Phoenix Opening, Blink Stalkers 

Get SALT Encoding   

  12  0:00  Probe  
  13  0:12  Probe  
  14  0:17  Pylon  
  14  0:24  Probe  
  15  0:32  Probe  
  15  0:36  Gateway  
  15  0:40  Probe  
  16  0:45  Assimilator  
  17  0:51  Probe  
  17  0:54  Assimilator  
  18  0:59  Probe  
  19  1:06  Gateway  
  19  1:07  Probe  
  19  1:17  Probe  
  20  1:23  Cybernetics Core  
  21  1:29  Probe  
  22  1:35  Pylon  
  22  1:41  Probe  
  23  1:53  Probe  
  24  1:59  Stalker x2  
  24  2:00  Warp Gate  
  28  2:05  Probe  
  29  2:13  Pylon  
  29  2:29  Sentry  
  31  2:31  Sentry, Probe  
  34  2:45  Probe  
  34  2:46  Nexus  
  35  2:53  Probe  
  35  2:56  Sentry  
  38  3:01  Pylon  
  38  3:04  Phoenix  
  38  3:07  Probe  
  39  3:16  Twilight Council, Probe  
  40  3:29  Probe  
  41  3:36  Forge  
  41  3:41  Probe  
  41  3:48  Shield Battery  
  42  3:49  Adept x2  
  42  3:53  Probe  
  47  3:55  Probe  
  47  3:56  Blink  
  48  4:04  Probe  
  48  4:05  Probe  
  50  4:15  Protoss Ground Weapons Level 1  
  50  4:16  Probe  
  50  4:18  Probe  
  52  4:28  Probe  
  52  4:30  Probe  
  52  4:35  Phoenix, Robotics Facility  
  52  4:36  Probe  
  52  4:37  Assimilator  
  52  4:40  Pylon  
  52  4:41  Assimilator  
  52  4:42  Probe  
  52  4:44  Probe  
  54  4:50  Pylon  
  55  4:54  Probe  
  55  4:55  Probe  
  55  4:57  Stalker  
  57  5:06  Probe  
  58  5:10  Gateway x2  
  58  5:12  Stalker  
  60  5:16  Observer  
  60  5:19  Phoenix  
  60  5:20  Stalker  
  60  5:21  Pylon  
  63  5:33  Nexus  
  63  5:38  Probe x2  
  63  5:42  Immortal  
  69  5:50  Probe x2  
  71  5:57  Stalker x2  
  71  6:00  Charge  
  71  6:02  Probe x2  
  77  6:12  Immortal  
  77  6:13  Stalker x2  
  81  6:22  Shield Battery  
  85  6:27  Shield Battery  
  85  6:32  Gateway  
  83  6:46  Stalker x4  
  91  6:48  Immortal  
  91  6:59  Phoenix  
  95  7:07  Gateway  
  95  7:08  Gateway  
  95  7:12  Stalker x3  
  101  7:21  Pylon  
  101  7:23  Pylon  
  101  7:31  Pylon  
  101  7:34  Gateway  
  101  7:36  Templar Archives  
  101  7:39  Observer, Probe x3  
  104  7:47  Stalker x3  
  110  7:56  Stalker x2  
Tags
 
Add a new tag
Caveats
  • Supply blocks, unpowered buildings, or Contaminate may cause inaccurate times.
  • Supply counts are checked every 10 seconds.